[Event "FIDE Open A - Konik"]
[Site "?"]
[Date "2013.05.05"]
[Round "9.7"]
[White "Plischki, Sebastian"]
[Black "Jaworski, Miroslaw"]
[Result "1/2-1/2"]
[ECO "E15"]
[WhiteElo "2389"]
[BlackElo "2286"]
[PlyCount "82"]
[EventDate "2013.??.??"]
[TimeControl "6000+790"]
[WhiteClock "0:11:27"]
[BlackClock "0:11:33"]

1. d4 Nf6 2. c4 e6 3. Nf3 b6 4. g3 Ba6 5. Qb3 Nc6 6. Nbd2 Na5 7. Qc3 c5 8. dxc5
bxc5 9. e4 d6 10. a3 Bb7 11. b4 Nc6 12. b5 Nb8 13. Bd3 Nbd7 14. O-O Be7 15. Bb2
O-O 16. a4 Rc8 17. Rfe1 Ne8 18. Qc2 e5 19. Bf1 g6 20. Nb1 Ng7 21. Nc3 f5 22.
Bg2 Nf6 23. Rad1 Qc7 24. Nh4 fxe4 25. Nxe4 Nxe4 26. Bxe4 Bxh4 27. gxh4 Rf4 28.
Bc1 Rxh4 29. f4 Rg4+ 30. Kh1 exf4 31. Bxb7 Qxb7+ 32. Qe4 Qxe4+ 33. Rxe4 Nf5 34.
Rxf4 Rxf4 35. Bxf4 Kf7 36. a5 Ke6 37. Kg2 g5 38. Re1+ Kd7 39. Bc1 g4 40. Bf4 h5
41. Re4 Rg8 1/2-1/2

[Event "FIDE Open A - Konik"]
[Site "?"]
[Date "2013.05.05"]
[Round "9.8"]
[White "Kutynec, Vladimir"]
[Black "Szotkowski, Jakub"]
[Result "1-0"]
[ECO "A05"]
[WhiteElo "2290"]
[BlackElo "2135"]
[PlyCount "127"]
[EventDate "2013.??.??"]
[TimeControl "6000+1200"]
[WhiteClock "0:10:03"]
[BlackClock "0:11:52"]

1. Nf3 Nf6 2. c4 e6 3. g3 b6 4. Bg2 Bb7 5. O-O Be7 6. Nc3 d6 7. d4 c5 8. d5
exd5 9. Nh4 O-O 10. Nf5 Nc6 11. cxd5 Ne5 12. f4 Ng6 13. e4 Re8 14. e5 Nd7 15.
Nb5 Ba6 16. Nfxd6 Bxd6 17. Nxd6 Bxf1 18. Qxf1 Rf8 19. e6 fxe6 20. dxe6 Nde5 21.
Qd1 Nc4 22. Bxa8 Nxd6 23. Bd5 Ne7 24. Bg2 Ndf5 25. Qxd8 Rxd8 26. g4 Rd1+ 27.
Kf2 Nd4 28. f5 Nc2 29. Rb1 Re1 30. Bf1 Nc6 31. Bb5 N6d4 32. Bg5 Re4 33. Bc4 Kf8
34. h3 h6 35. Bd3 Re5 36. Bf4 Nb4 37. Bc4 Re4 38. Bd6+ Ke8 39. a3 Nbc2 40. Bd3
Re3 41. Bxc2 Re2+ 42. Kg3 Nxc2 43. Bb8 a6 44. Ba7 Re3+ 45. Kh4 Rb3 46. Bb8 Nd4
47. Rf1 Ke7 48. Be5 Nf3+ 49. Rxf3 Rxf3 50. Bxg7 Rb3 51. Bxh6 Rxb2 52. Kg5 c4
53. Kg6 Rf2 54. Bg5+ Kd6 55. e7 Kd7 56. Kf7 Re2 57. Bf6 c3 58. Bg5 c2 59. f6 b5
60. h4 a5 61. h5 b4 62. axb4 axb4 63. h6 b3 64. Bc1 1-0

[Event "FIDE Open A - Konik"]
[Site "?"]
[Date "2013.05.05"]
[Round "9.9"]
[White "Kubík, Michael"]
[Black "Zwardon, Vojtech"]
[Result "1/2-1/2"]
[ECO "B35"]
[WhiteElo "2111"]
[BlackElo "2417"]
[PlyCount "22"]
[EventDate "2013.??.??"]
[TimeControl "6000+400"]
[WhiteClock "1:27:42"]
[BlackClock "1:32:47"]

1. e4 c5 2. Nf3 Nc6 3. Nc3 g6 4. d4 cxd4 5. Nxd4 Bg7 6. Be3 Nf6 7. Bc4 O-O 8.
Bb3 a5 9. O-O Nxd4 10. Bxd4 d6 11. Re1 Bd7 1/2-1/2

[Event "FIDE Open A - Konik"]
[Site "?"]
[Date "2013.05.05"]
[Round "9.10"]
[White "Taus, Martin"]
[Black "Lys, Josef"]
[Result "0-1"]
[ECO "B14"]
[WhiteElo "2169"]
[BlackElo "2137"]
[PlyCount "118"]
[EventDate "2013.??.??"]
[TimeControl "6000+950"]
[BlackClock "0:02:03"]

1. e4 c6 2. d4 d5 3. exd5 cxd5 4. c4 Nf6 5. Nc3 g6 6. cxd5 Nxd5 7. Qb3 Nb6 8.
Bb5+ Bd7 9. Nf3 Bg7 10. O-O O-O 11. Rd1 Bg4 12. Be2 Nc6 13. d5 Ne5 14. Nxe5
Bxe2 15. Nxe2 Bxe5 16. Bh6 Re8 17. Nc3 Qc7 18. Nb5 Qc4 19. d6 Qh4 20. Qh3 Qxh3
21. gxh3 Bxd6 22. Nxd6 exd6 23. Rxd6 Rac8 24. Rad1 f5 25. b3 Re2 26. a4 Rc7 27.
a5 Nc8 28. Rd8+ Kf7 29. Bf4 Rcc2 30. Be3 Ne7 31. Bxa7 Rb2 32. Rb8 Rxb3 33. a6
Reb2 34. Bd4 bxa6 35. Ra8 Rb1 36. Rxb1 Rxb1+ 37. Kg2 Nc6 38. Bc3 Rb6 39. Bd2
Ne7 40. Ra7 Ke6 41. Bg5 Nc6 42. Rxh7 a5 43. Rg7 a4 44. Rxg6+ Kd5 45. Rf6 a3 46.
Rxf5+ Kc4 47. Bf6 Ra6 48. Rf4+ Kd5 49. Ba1 Kc5 50. h4 Nb4 51. Rf3 Rg6+ 52. Kf1
a2 53. Ra3 Kc4 54. h5 Rh6 55. Ra5 Nc6 56. Rxa2 Rxh5 57. f3 Kd5 58. Re2 Nb4 59.
Kg2 Nd3 0-1

[Event "FIDE Open A - Konik"]
[Site "?"]
[Date "2013.05.05"]
[Round "9.11"]
[White "Rakús, Pavel"]
[Black "Blahynka, Martin"]
[Result "1-0"]
[ECO "A05"]
[WhiteElo "2144"]
[BlackElo "2155"]
[PlyCount "75"]
[EventDate "2013.??.??"]
[TimeControl "6000+805"]
[WhiteClock "0:05:19"]
[BlackClock "0:00:32"]

1. Nf3 Nf6 2. c4 e6 3. g3 b6 4. Bg2 Bb7 5. O-O Be7 6. b3 c5 7. e3 O-O 8. Bb2 d5
9. Ne5 Qc7 10. d4 dxc4 11. Nxc4 Rd8 12. Nbd2 Bxg2 13. Kxg2 cxd4 14. exd4 Nc6
15. Nf3 Nd5 16. Qe2 Bf6 17. Nce5 Nde7 18. Rac1 Qb7 19. Qe4 Rd5 20. Ng4 Nf5 21.
Ne3 Nxe3+ 22. fxe3 Rc8 23. Rf2 Nb4 24. Rxc8+ Qxc8 25. a3 Nc6 26. Rc2 Qe8 27.
Qd3 Rd8 28. b4 Ne7 29. Rc7 Qa4 30. e4 Nc8 31. e5 Be7 32. d5 exd5 33. e6 f6 34.
Ng5 g6 35. Bxf6 Bxf6 36. Nxh7 Kh8 37. Qxg6 Be7 38. Nf6 1-0

[Event "FIDE Open A - Konik"]
[Site "?"]
[Date "2013.05.05"]
[Round "9.12"]
[White "Kubeczka, Ales"]
[Black "Bures, Martin"]
[Result "0-1"]
[ECO "A56"]
[WhiteElo "2032"]
[BlackElo "2147"]
[PlyCount "42"]
[EventDate "2013.??.??"]
[TimeControl "6000+785"]
[WhiteClock "1:01:42"]
[BlackClock "0:28:47"]

1. d4 Nf6 2. c4 c5 3. d5 e5 4. Nc3 d6 5. g3 Be7 6. Bg2 O-O 7. Nh3 Na6 8. O-O
Nc7 9. Qd3 a6 10. a4 b6 11. f4 exf4 12. Bxf4 Bd7 13. Ng5 h6 14. Nge4 Nxe4 15.
Qxe4 Ne8 16. Qf3 f5 17. Qh5 g5 18. Qg6+ Ng7 19. Bxd6 Rf6 20. Bxe7 Qxe7 21. d6
Qe3+ 0-1

[Event "FIDE Open A - Konik"]
[Site "?"]
[Date "2013.05.05"]
[Round "9.13"]
[White "Mrva, Vladimir"]
[Black "Nguyen, Thai Dai Van"]
[Result "1/2-1/2"]
[ECO "C01"]
[WhiteElo "2185"]
[BlackElo "2132"]
[PlyCount "38"]
[EventDate "2013.??.??"]
[TimeControl "6000+975"]
[WhiteClock "0:27:00"]
[BlackClock "0:50:42"]

1. e4 e6 2. d4 d5 3. exd5 exd5 4. Bd3 c5 5. c3 Nc6 6. Ne2 c4 7. Bc2 Bd6 8. Bf4
Nge7 9. Bxd6 Qxd6 10. Ng3 O-O 11. O-O Ng6 12. Nf5 Bxf5 13. Bxf5 Rfe8 14. g3 Re7
15. Re1 Rae8 16. Rxe7 Qxe7 17. Nd2 Qg5 18. Bxg6 hxg6 19. Nf1 Qf5 1/2-1/2

[Event "FIDE Open A - Konik"]
[Site "?"]
[Date "2013.05.05"]
[Round "9.14"]
[White "Holemár, David"]
[Black "Záleský, Karel"]
[Result "1-0"]
[ECO "B11"]
[WhiteElo "2285"]
[BlackElo "2100"]
[PlyCount "87"]
[EventDate "2013.??.??"]
[TimeControl "6000+1005"]
[WhiteClock "0:32:15"]
[BlackClock "0:29:55"]

1. e4 c6 2. Nc3 d5 3. Nf3 Bg4 4. h3 Bxf3 5. Qxf3 d4 6. Ne2 e5 7. Ng3 Nf6 8. Bc4
b5 9. Bb3 Nbd7 10. O-O g6 11. d3 Nc5 12. Qe2 Nxb3 13. axb3 Nd7 14. f4 Bg7 15.
f5 a5 16. Qg4 O-O 17. Bd2 c5 18. fxg6 hxg6 19. Rf2 a4 20. bxa4 Rxa4 21. Raf1
Ra6 22. Bg5 Qe8 23. Qh4 f6 24. Bd2 Kf7 25. Qg4 Qe6 26. Qe2 Rh8 27. Rf3 Ke7 28.
Nh1 Ra2 29. Rb1 Rha8 30. Rff1 b4 31. Ng3 Nb6 32. h4 b3 33. cxb3 Qxb3 34. h5
Rxb2 35. Rxb2 Qxb2 36. hxg6 Qa2 37. Nf5+ Kf8 38. Rf2 Qb1+ 39. Rf1 Qa2 40. Qf2
Nd7 41. Qh4 Qxd2 42. Qh7 Ke8 43. Qxg7 Kd8 44. Qg8+ 1-0

[Event "FIDE Open A - Konik"]
[Site "?"]
[Date "2013.05.05"]
[Round "9.16"]
[White "Dobes, Ludek"]
[Black "Veselý, Martin"]
[Result "1/2-1/2"]
[ECO "A46"]
[WhiteElo "2064"]
[BlackElo "2178"]
[PlyCount "101"]
[EventDate "2013.??.??"]
[TimeControl "6000+955"]
[WhiteClock "0:16:17"]
[BlackClock "0:10:04"]

1. d4 Nf6 2. Nf3 c5 3. c3 b6 4. Bg5 Bb7 5. e3 d6 6. Bd3 h6 7. Bh4 g5 8. Bg3
Nbd7 9. Nbd2 Bg7 10. h3 Qc7 11. a4 a6 12. Qe2 Nd5 13. e4 Nf4 14. Bxf4 gxf4 15.
O-O Bf6 16. Nc4 e5 17. dxe5 dxe5 18. g3 Qc6 19. b4 Qe6 20. Kh2 Bc8 21. Ng1 Bg5
22. h4 Nf6 23. Kg2 Ke7 24. bxc5 bxc5 25. Rab1 Nd7 26. hxg5 hxg5 27. f3 fxg3 28.
Kxg3 Qh6 29. Rf2 Qh4+ 30. Kg2 Nf6 31. Kf1 Nh5 32. Ke1 Qg3 33. Kd2 Rd8 34. Kc2
Nf4 35. Qe3 Rxd3 36. Qxc5+ Kf6 37. Ne2 Nxe2 38. Kxd3 Nf4+ 39. Kc2 Be6 40. Rd2
Ng6 41. Rb6 Nh4 42. Rd7 Re8 43. Kb2 Nxf3 44. Nd6 Qh2+ 45. Ka3 Qa2+ 46. Kb4 a5+
47. Qxa5 Qb2+ 48. Kc5 Qf2+ 49. Kb4 Qb2+ 50. Kc5 Qf2+ 51. Kb4 1/2-1/2

[Event "FIDE Open A - Konik"]
[Site "?"]
[Date "2013.05.05"]
[Round "9.1"]
[White "Chromík, Tomás"]
[Black "Kozák, Milos"]
[Result "1-0"]
[ECO "A40"]
[WhiteElo "1885"]
[BlackElo "2175"]
[PlyCount "67"]
[EventDate "2013.??.??"]
[TimeControl "6000+1315"]
[WhiteClock "0:12:56"]
[BlackClock "0:17:20"]

1. d4 Nf6 2. c4 e6 3. g3 d5 4. Nf3 Bb4+ 5. Bd2 Be7 6. Bg2 c6 7. O-O b6 8. Qc2
Ba6 9. b3 Nbd7 10. a4 O-O 11. Rd1 Rc8 12. a5 c5 13. axb6 Qxb6 14. Qa2 Bb7 15.
Ba5 Qd6 16. dxc5 Qxc5 17. Nbd2 a6 18. b4 Qa7 19. c5 e5 20. Bh3 Rfe8 21. e4 dxe4
22. Nc4 Bd5 23. Bxd7 Qxd7 24. Nfxe5 Qe6 25. Qe2 Bxc4 26. Nxc4 Qh3 27. Ne3 Bf8
28. Bb6 Re5 29. Qf1 Qh6 30. Rxa6 Rh5 31. Qg2 Qg5 32. Bd8 Qe5 33. Bxf6 gxf6 34.
Ng4 1-0

[Event "FIDE Open A - Konik"]
[Site "?"]
[Date "2013.05.05"]
[Round "9.2"]
[White "Slanina, Miroslav"]
[Black "Leks, Maria"]
[Result "1/2-1/2"]
[ECO "D02"]
[WhiteElo "2162"]
[BlackElo "2091"]
[PlyCount "24"]
[EventDate "2013.??.??"]
[TimeControl "6000+290"]
[WhiteClock "1:23:56"]
[BlackClock "1:27:28"]

1. d4 d5 2. Nf3 Nf6 3. Bf4 c6 4. c3 Bf5 5. e3 e6 6. Qb3 Qb6 7. Nbd2 Nbd7 8. h3
h6 9. Be2 Be7 10. O-O O-O 11. c4 dxc4 12. Bxc4 Qxb3 1/2-1/2

[Event "FIDE Open A - Konik"]
[Site "?"]
[Date "2013.05.05"]
[Round "9.4"]
[White "Ockay, Tomás"]
[Black "Richterová, Natasa"]
[Result "1/2-1/2"]
[ECO "A06"]
[WhiteElo "2146"]
[BlackElo "1954"]
[PlyCount "52"]
[EventDate "2013.??.??"]
[TimeControl "6000+1110"]
[WhiteClock "0:05:42"]
[BlackClock "0:13:24"]

1. Nf3 d5 2. b3 Bg4 3. d4 Bxf3 4. gxf3 Nc6 5. f4 e6 6. e3 Nf6 7. Bg2 Be7 8. c4
Qd7 9. Nc3 Bb4 10. Bd2 Ne7 11. a3 Bxc3 12. Bxc3 c6 13. Qd3 Nf5 14. Bh3 g6 15.
f3 Nh5 16. Kd2 Rd8 17. c5 O-O 18. Kc2 b6 19. b4 Rb8 20. Rhb1 Qe7 21. Be1 Rb7
22. Bf2 Rfb8 23. Qd2 Rd7 24. Bf1 Nf6 25. Bd3 Qf8 26. Bg1 Qh6 1/2-1/2

[Event "FIDE Open A - Konik"]
[Site "?"]
[Date "2013.05.05"]
[Round "9.5"]
[White "Obrusnik, Michal"]
[Black "Miculka, David"]
[Result "1-0"]
[ECO "B17"]
[WhiteElo "2243"]
[BlackElo "1877"]
[PlyCount "75"]
[EventDate "2013.??.??"]
[TimeControl "6000+555"]
[WhiteClock "0:45:28"]
[BlackClock "0:33:46"]

1. e4 c6 2. d4 d5 3. Nc3 dxe4 4. Nxe4 Nd7 5. Nf3 Ngf6 6. Nxf6+ Nxf6 7. Bc4 Bf5
8. O-O e6 9. Ne5 Be7 10. c3 O-O 11. Qf3 Nd5 12. g4 Bg6 13. Qh3 Nb6 14. Bb3 a5
15. a4 Bd6 16. f4 Bxe5 17. dxe5 Be4 18. Re1 Bd5 19. Bc2 g6 20. f5 exf5 21. gxf5
Qd7 22. b3 c5 23. c4 Bc6 24. Be3 Rfe8 25. Rad1 Qe7 26. Bf4 Kh8 27. e6 gxf5 28.
Bxf5 Rg8+ 29. Bg3 fxe6 30. Rxe6 Qf7 31. Bxh7 Qxh7 32. Rh6 Rg7 33. Rxh7+ Rxh7
34. Be5+ Kg8 35. Qe6+ Rf7 36. Qg6+ Kf8 37. Bd6+ Ke8 38. Qg8+ 1-0

[Event "FIDE Open A - Konik"]
[Site "?"]
[Date "2013.05.05"]
[Round "9.6"]
[White "Kufa, Pavel"]
[Black "Marek, Matyás"]
[Result "1/2-1/2"]
[ECO "B00"]
[WhiteElo "2214"]
[BlackElo "2004"]
[PlyCount "26"]
[EventDate "2013.??.??"]
[TimeControl "6000+725"]
[WhiteClock "0:58:24"]
[BlackClock "1:02:33"]

1. e4 d6 2. d4 Nf6 3. Bd3 e5 4. f4 Bg4 5. Nf3 Nc6 6. d5 Nd4 7. c3 Nxf3+ 8. gxf3
Bd7 9. Qe2 Nh5 10. fxe5 dxe5 11. Be3 Be7 12. Nd2 Bh4+ 13. Kd1 Qf6 1/2-1/2

[Event "FIDE Open A - Konik"]
[Site "?"]
[Date "2013.05.05"]
[Round "9.7"]
[White "Zidek, Václav"]
[Black "Nowak, Maciej"]
[Result "0-1"]
[ECO "E25"]
[WhiteElo "2190"]
[BlackElo "1975"]
[PlyCount "72"]
[EventDate "2013.??.??"]
[TimeControl "6000+2080"]
[WhiteClock "0:00:41"]
[BlackClock "0:14:46"]

1. d4 Nf6 2. c4 e6 3. Nc3 Bb4 4. f3 d5 5. a3 Bxc3+ 6. bxc3 c5 7. cxd5 exd5 8.
e3 O-O 9. Bd3 b6 10. Ne2 Ba6 11. Bb1 Nc6 12. O-O Na5 13. Rf2 Rc8 14. Ng3 Qc7
15. e4 cxd4 16. Bg5 Nd7 17. cxd4 f6 18. Rc2 Bc4 19. Be3 Qc6 20. Ba2 Rfe8 21.
Bd2 Qa4 22. Bxa5 Qxa5 23. Rac1 b5 24. exd5 Nb6 25. Nf5 Rcd8 26. d6 Kf7 27. h3
g6 28. Ng3 f5 29. Qd2 Qxa3 30. Rxc4 bxc4 31. Rxc4 Nxc4 32. Bxc4+ Kg7 33. Nh5+
Kh8 34. Qg5 Qe3+ 35. Qxe3 Rxe3 36. Kf2 Rc3 0-1

[Event "FIDE Open A - Konik"]
[Site "?"]
[Date "2013.05.05"]
[Round "9.9"]
[White "Kondula, Lukás"]
[Black "Omamík, Pavel"]
[Result "1-0"]
[ECO "B72"]
[WhiteElo "1968"]
[BlackElo "2076"]
[PlyCount "133"]
[EventDate "2013.??.??"]
[TimeControl "6000+1070"]
[WhiteClock "0:29:38"]
[BlackClock "0:01:14"]

1. e4 c5 2. Nf3 d6 3. d4 cxd4 4. Nxd4 Nf6 5. Nc3 g6 6. Be2 Bg7 7. Be3 O-O 8.
Qd2 Nc6 9. O-O-O Nxd4 10. Bxd4 Be6 11. f3 Qa5 12. Kb1 Kh8 13. g4 Rfc8 14. a3 b5
15. Nxb5 Qd8 16. g5 Nd7 17. Bxg7+ Kxg7 18. Nd4 Rab8 19. Nxe6+ fxe6 20. f4 Rc5
21. c4 Nb6 22. Qd4+ Kf7 23. h4 Na4 24. Rd2 Qa5 25. Rh3 e5 26. fxe5 Rxe5 27. h5
Qc5 28. hxg6+ Kxg6 29. Bh5+ Kg7 30. Qf2 Rf8 31. Qh4 Qxc4 32. Bd1 Qxe4+ 33. Qxe4
Rxe4 34. Bc2 Rf1+ 35. Ka2 Rg4 36. Rxh7+ Kf8 37. g6 Nc5 38. Rh8+ Kg7 39. Rdh2
Rgg1 40. R2h7+ Kf6 41. Rf8+ Ke6 42. Rxf1 Rxf1 43. g7 Rg1 44. Rh6+ Kf7 45. b4
Nd7 46. Rh8 Rxg7 47. Ra8 Rg2 48. Kb1 Nb6 49. Rxa7 Nc4 50. Bd3 Nd2+ 51. Kc2 Kf6
52. b5 e5 53. Kc3 d5 54. b6 d4+ 55. Kb4 Nb1 56. Kc5 Rb2 57. b7 Kg5 58. a4 Kf4
59. Bb5 Rc2+ 60. Kb6 Na3 61. b8=Q Nxb5 62. axb5 d3 63. Ra4+ Ke3 64. Qxe5+ Kd2
65. Ra1 Rc4 66. Qe1+ Kc2 67. Qd1+ 1-0

[Event "FIDE Open A - Konik"]
[Site "?"]
[Date "2013.05.05"]
[Round "9.10"]
[White "Stehlík, Jiri"]
[Black "Malík, Jan"]
[Result "1/2-1/2"]
[ECO "D02"]
[WhiteElo "1981"]
[BlackElo "2265"]
[PlyCount "96"]
[EventDate "2013.??.??"]
[TimeControl "6000+630"]
[WhiteClock "0:05:50"]
[BlackClock "0:32:22"]

1. d4 d5 2. Nf3 Nf6 3. Bf4 c5 4. c3 e6 5. e3 Nc6 6. Nbd2 Qb6 7. Qb3 Bd7 8. Be2
Be7 9. h3 O-O 10. O-O Rfc8 11. Qxb6 axb6 12. Bd3 cxd4 13. exd4 Na5 14. Ne5 Be8
15. g4 b5 16. a3 Nc4 17. Ndxc4 bxc4 18. Bc2 Ra6 19. Rae1 Rb6 20. Bc1 h6 21. f4
Nh7 22. Re2 Bf6 23. Kg2 Nf8 24. Kg3 Ra8 25. h4 Bd8 26. g5 hxg5 27. hxg5 f6 28.
gxf6 gxf6 29. Ng4 f5 30. Ne5 Rc8 31. Rh2 Rc7 32. Rfh1 Rg7+ 33. Kf2 Rh7 34. Rg1+
Rg7 35. Rxg7+ Kxg7 36. Bd1 Be7 37. Rg2+ Kf6 38. Ke1 Ra6 39. Be3 Ng6 40. Bf2
Nxe5 41. dxe5+ Kf7 42. Bh5+ Kf8 43. Bxe8 Kxe8 44. Rg8+ Kd7 45. Rg7 Kd8 46. Rg8+
Kd7 47. Rg7 Ke8 48. Rg8+ Kd7 1/2-1/2

[Event "FIDE Open A - Konik"]
[Site "?"]
[Date "2013.05.05"]
[Round "9.11"]
[White "Kula, Dominik"]
[Black "Potomák, Vladimír"]
[Result "1-0"]
[ECO "B41"]
[WhiteElo "1854"]
[BlackElo "2187"]
[PlyCount "45"]
[EventDate "2013.??.??"]
[TimeControl "6000+720"]
[WhiteClock "0:48:56"]
[BlackClock "1:12:38"]

1. e4 c5 2. Nf3 e6 3. d4 cxd4 4. Nxd4 a6 5. c4 Nf6 6. Nc3 Bb4 7. Bd3 Nc6 8. Nc2
Bxc3+ 9. bxc3 d5 10. exd5 exd5 11. Ba3 Be6 12. Qe2 Qc7 13. O-O O-O-O 14. c5
Rhe8 15. Rfb1 Ng4 16. g3 Nge5 17. Bxa6 Bg4 18. Qb5 Rd7 19. Nd4 Nxd4 20. cxd4
Nf3+ 21. Kf1 Nxd4 22. Qa4 Nf3 23. Qb5 1-0

[Event "FIDE Open A - Konik"]
[Site "?"]
[Date "2013.05.05"]
[Round "9.12"]
[White "Miculka, Petr"]
[Black "Ling, Bronislav"]
[Result "1/2-1/2"]
[ECO "C15"]
[WhiteElo "2018"]
[BlackElo "2003"]
[PlyCount "29"]
[EventDate "2013.??.??"]
[TimeControl "6000+960"]
[WhiteClock "0:30:26"]
[BlackClock "1:06:04"]

1. e4 e6 2. d4 d5 3. Nc3 Bb4 4. Bd3 dxe4 5. Bxe4 c5 6. Nge2 Nc6 7. Be3 cxd4 8.
Nxd4 Bd7 9. O-O Nf6 10. Bf3 a6 11. Qe2 Rc8 12. Rfd1 Qc7 13. Ne4 Be7 14. c3 O-O
15. g3 1/2-1/2

[Event "FIDE Open A - Konik"]
[Site "?"]
[Date "2013.05.05"]
[Round "9.13"]
[White "Kapusta, Petr"]
[Black "Maltsev, Leonid"]
[Result "1-0"]
[ECO "B44"]
[WhiteElo "2165"]
[BlackElo "1989"]
[PlyCount "93"]
[EventDate "2013.??.??"]
[TimeControl "6000+1525"]
[WhiteClock "0:40:14"]
[BlackClock "0:29:54"]

1. e4 c5 2. Nf3 e6 3. d4 cxd4 4. Nxd4 Nc6 5. Nxc6 bxc6 6. Bd3 Nf6 7. O-O d5 8.
e5 Nd7 9. Qe2 g6 10. Nd2 Bg7 11. f4 O-O 12. Nf3 Qc7 13. Be3 c5 14. c3 Bb7 15.
Ng5 Rae8 16. Qf2 Qc6 17. h4 h5 18. Qg3 Ba6 19. Bc2 Bxf1 20. Rxf1 Re7 21. Qf3
Rb8 22. b3 Kf8 23. Nxf7 Rxf7 24. Qg3 d4 25. Bd2 Qa6 26. Bxg6 Nxe5 27. Bxf7 Nxf7
28. f5 e5 29. f6 Bxf6 30. Qg6 Ke7 31. Bg5 Rb6 32. cxd4 cxd4 33. Rf5 Re6 34. Bd2
Qb6 35. a3 a5 36. b4 a4 37. b5 d3+ 38. Kh1 Qxb5 39. Bb4+ Nd6 40. Rxh5 d2 41.
Rh7+ Kd8 42. Bxd2 Qf1+ 43. Kh2 e4 44. Bg5 Bxg5 45. Qxg5+ Qf6 46. Qa5+ Ke8 47.
Qa8+ 1-0

[Event "FIDE Open A - Konik"]
[Site "?"]
[Date "2013.05.05"]
[Round "9.14"]
[White "Didi, Jan"]
[Black "Kolár, Stanislav"]
[Result "1/2-1/2"]
[ECO "B03"]
[WhiteElo "2053"]
[BlackElo "2139"]
[PlyCount "117"]
[EventDate "2013.??.??"]
[TimeControl "6000+1180"]
[WhiteClock "0:04:13"]
[BlackClock "0:09:10"]

1. e4 Nf6 2. e5 Nd5 3. c4 Nb6 4. d4 d6 5. exd6 exd6 6. Nf3 Bg4 7. Be2 Be7 8.
O-O O-O 9. h3 Bh5 10. Nc3 Re8 11. Be3 Bf6 12. Rc1 Nc6 13. b3 h6 14. Re1 a6 15.
Qd2 Bg6 16. Bd3 Ne7 17. Bxg6 Nxg6 18. Ne2 c6 19. Ng3 Nd7 20. Qd3 Ndf8 21. Rcd1
d5 22. c5 Qd7 23. Nf5 Re6 24. Nd6 Be7 25. Nf5 Nh7 26. Nd2 Bf8 27. Nf1 Rae8 28.
N1g3 Nf6 29. f3 Qc7 30. Qd2 Qd7 31. Bf2 Rxe1+ 32. Rxe1 Re6 33. h4 Qe8 34. Kf1
Rxe1+ 35. Bxe1 Qe6 36. Bf2 Be7 37. Qe3 Kf8 38. Nxe7 Nxe7 39. h5 Nf5 40. Qf4
Nxg3+ 41. Bxg3 Ne8 42. Kf2 Kg8 43. Bh4 Kh7 44. g4 g5 45. hxg6+ Kxg6 46. Qb8 Qd7
47. Qe5 f6 48. Qe3 Ng7 49. Bg3 h5 50. Qd3+ f5 51. Be5 hxg4 52. fxg4 Ne8 53. Kf3
Kg5 54. Qxf5+ Qxf5+ 55. gxf5 Kxf5 56. b4 Kg5 57. Kg3 Kf5 58. Kf3 Kg5 59. Kg3
1/2-1/2

[Event "FIDE Open A - Konik"]
[Site "?"]
[Date "2013.05.05"]
[Round "9.15"]
[White "Snyta, Zdenek"]
[Black "Hastík, Svatopluk"]
[Result "0-1"]
[ECO "B06"]
[WhiteElo "2081"]
[BlackElo "2034"]
[PlyCount "86"]
[EventDate "2013.??.??"]
[TimeControl "6000+640"]
[WhiteClock "0:42:04"]
[BlackClock "0:16:10"]

1. e4 g6 2. d4 Bg7 3. f4 d6 4. Nf3 Nf6 5. Bd3 O-O 6. O-O Nc6 7. c3 Bg4 8. h3
Bxf3 9. Qxf3 e6 10. Be3 d5 11. e5 Nd7 12. g4 f6 13. Qg3 fxe5 14. fxe5 Rxf1+ 15.
Bxf1 Ndxe5 16. dxe5 Bxe5 17. Bf4 Bxf4 18. Qxf4 e5 19. Qg3 Qg5 20. Na3 Rf8 21.
Rd1 e4 22. Bg2 Ne5 23. Nc2 Nf3+ 24. Kh1 h5 25. Qxc7 hxg4 26. Qxb7 Rd8 27. Qc6
Qf4 28. Qxg6+ Kf8 29. Bxf3 Qxf3+ 30. Kh2 Qxh3+ 31. Kg1 Qg3+ 32. Kf1 Qf4+ 33.
Kg1 Rd6 34. Qxd6+ Qxd6 35. Kg2 Qh6 36. Rf1+ Ke8 37. Rf2 Qh3+ 38. Kg1 Qd3 39.
Ne1 Qb1 40. Re2 Qxa2 41. Kf2 Qc4 42. Rd2 Qc5+ 43. Kg3 Qe3+ 0-1

[Event "FIDE Open A - Konik"]
[Site "?"]
[Date "2013.05.05"]
[Round "9.16"]
[White "Vícha, Martin"]
[Black "Trombík, Karel"]
[Result "1-0"]
[ECO "B01"]
[WhiteElo "1888"]
[BlackElo "2065"]
[PlyCount "53"]
[EventDate "2013.??.??"]
[TimeControl "6000+550"]
[WhiteClock "1:01:47"]
[BlackClock "0:50:07"]

1. e4 d5 2. exd5 Qxd5 3. Nf3 Nf6 4. d4 Bg4 5. Be2 e6 6. O-O Be7 7. Bf4 c6 8. h3
Bh5 9. Nc3 Qa5 10. Ne5 Bxe2 11. Nxe2 O-O 12. c3 Qd8 13. Qc2 Nbd7 14. Nxd7 Qxd7
15. Bg5 Nd5 16. Bxe7 Qxe7 17. Rad1 Rad8 18. Nc1 f5 19. Nd3 Rf6 20. c4 Nc7 21.
Ne5 Ne8 22. Rfe1 Nd6 23. d5 cxd5 24. cxd5 Rc8 25. Qb3 Kf8 26. dxe6 Rh6 27. Nd7+
1-0

[Event "Open B - Konik"]
[Site "?"]
[Date "2013.04.30"]
[Round "3.5"]
[White "Siwek, Antonín"]
[Black "Borovicka, Bohumil"]
[Result "1/2-1/2"]
[ECO "A06"]
[WhiteElo "1932"]
[BlackElo "1996"]
[PlyCount "53"]
[EventDate "2013.??.??"]
[TimeControl "6000+635"]
[WhiteClock "0:31:35"]
[BlackClock "0:32:45"]

1. Nf3 d5 2. g3 c6 3. b3 Bg4 4. Bg2 e6 5. Bb2 Nd7 6. O-O Ngf6 7. d3 Bc5 8. Nbd2
O-O 9. Re1 Re8 10. d4 Be7 11. h3 Bh5 12. g4 Bg6 13. Ne5 Nxe5 14. dxe5 Nd7 15.
e4 f6 16. exf6 Bxf6 17. Bxf6 Qxf6 18. Qf3 Qh4 19. Qc3 Rf8 20. Nf3 Qf6 21. Qxf6
Nxf6 22. exd5 exd5 23. Re2 Rfe8 24. Rae1 Rxe2 25. Rxe2 Re8 26. Rxe8+ Nxe8 27.
Ne1 1/2-1/2

[Event "Open B - Konik"]
[Site "?"]
[Date "2013.04.30"]
[Round "3.6"]
[White "Hlubina, Pavel"]
[Black "Zeman, Arnost"]
[Result "1-0"]
[ECO "B70"]
[WhiteElo "1920"]
[BlackElo "1994"]
[PlyCount "93"]
[EventDate "2013.??.??"]
[TimeControl "6000+780"]
[WhiteClock "0:19:50"]
[BlackClock "0:12:09"]

1. e4 c5 2. Nf3 g6 3. d4 cxd4 4. Nxd4 Nf6 5. Nc3 d6 6. Be2 Bg7 7. O-O O-O 8.
Be3 Bd7 9. f4 Nc6 10. Nxc6 Bxc6 11. Bf3 Nd7 12. Qd2 Qc7 13. Rae1 Nb6 14. b3 e6
15. Ne2 d5 16. e5 Bb5 17. Rf2 Bxe2 18. Rfxe2 Rfd8 19. Bd4 Nd7 20. g4 Bf8 21. f5
Nc5 22. c3 Rac8 23. h4 b5 24. h5 a5 25. hxg6 fxg6 26. fxg6 hxg6 27. Qg5 Qg7 28.
Kg2 b4 29. cxb4 Nd3 30. Rh1 Bxb4 31. Qe3 Nc5 32. Kg3 Nd7 33. Reh2 Nf8 34. g5
Rc6 35. Qf4 Rd7 36. Rh6 Rcc7 37. Be2 Rf7 38. Qh4 Rf5 39. Bd3 Rc3 40. Bxc3 Bxc3
41. Bxf5 Bxe5+ 42. Kg2 exf5 43. Qe1 Qc7 44. Qe2 Ne6 45. Rxg6+ Kf7 46. Rh7+ Kf8
47. Rxe6 1-0

[Event "Open B - Konik"]
[Site "?"]
[Date "2013.04.30"]
[Round "3.7"]
[White "Byma, Pavel"]
[Black "Novák, Borivoj"]
[Result "1-0"]
[ECO "B70"]
[WhiteElo "1962"]
[BlackElo "1893"]
[PlyCount "105"]
[EventDate "2013.??.??"]
[TimeControl "6000+925"]
[WhiteClock "0:30:49"]
[BlackClock "0:37:12"]

1. e4 c5 2. Nf3 d6 3. d4 cxd4 4. Nxd4 Nf6 5. Nc3 g6 6. Bc4 Bg7 7. O-O O-O 8.
Bg5 Nc6 9. Nde2 Qa5 10. Bd2 Qd8 11. Kh1 a6 12. a3 b5 13. Ba2 Bb7 14. f4 e6 15.
f5 exf5 16. exf5 Qd7 17. fxg6 hxg6 18. Nf4 Ne5 19. Nfd5 Nxd5 20. Bxd5 Rae8 21.
Bg5 Bxd5 22. Nxd5 f6 23. Bxf6 Qb7 24. Qd4 Re6 25. Bxg7 Qxg7 26. Rxf8+ Qxf8 27.
Kg1 Qg7 28. Qe4 g5 29. Qf5 Qg6 30. Rf1 Qxf5 31. Rxf5 g4 32. Nc7 Re7 33. Nxa6
Kg7 34. Nb4 Kg6 35. Nd5 Kxf5 36. Nxe7+ Ke6 37. Nc8 Nc4 38. Na7 Nxb2 39. Nxb5
Kd5 40. Kf2 Kc5 41. Nc3 Kc4 42. Ne4 d5 43. Nf6 d4 44. Nxg4 Kc3 45. Ne5 Kxc2 46.
g4 Nd3+ 47. Nxd3 Kxd3 48. g5 Kc2 49. g6 d3 50. g7 d2 51. g8=Q d1=Q 52. Qc4+ Kb2
53. Qe2+ 1-0